 Dungeon Crawl Stone Soup version 0.29-a0-275-g389c0b56f3 (webtiles) character file.

Game seed: 18196125968886967477

2 spaghetti the Caller (level 1, 0/14 HPs)
             Began as a Demigod Summoner on Mar 10, 2022.
             Slain by a quokka (2 damage)
             ... on level 1 of the Dungeon.
             The game lasted 00:00:21 (58 turns).

spaghetti the Caller (Demigod Summoner)               Turns: 58, Time: 00:00:21

Health: 0/14       AC:  2    Str:  9    XL:     1   Next: 20%
Magic:  4/5        EV: 12    Int: 17    God:
Gold:   0          SH:  0    Dex: 14    Spells: 2/3 levels left

rFire   . . .      SeeInvis .   (no weapon)
rCold   . . .      Faith    .   (no shield)
rNeg    . . .      Spirit   .   a - +0 robe
rPois   .          Reflect  .   (no helmet)
rElec   .          Harm     .   (no cloak)
rCorr   .          Rampage  .   (no gloves)
Will    .....                   (no boots)
Stlth   ++........              (no amulet)
HPRegen 0.04/turn               (no ring)
MPRegen 0.09/turn               (no ring)

@: no status effects
A: high MP 1, forlorn, divine attributes
a: no special abilities


You were on level 1 of the Dungeon.
You visited 1 branch of the dungeon, and saw 2 of its levels.


Innate Abilities, Weirdness & Mutations

You have an increased reservoir of magic. (+10% MP)
You shall have no god before yourself.
Your divine heritage dramatically boosts your attributes as you level up.


   Skills:
 - Level 1.7 Dodging
 - Level 1.7 Stealth
 - Level 1.7 Spellcasting
 + Level 3.7 Summonings


You had 2 spell levels left.
You knew the following spells:

 Your Spells              Type           Power      Damage    Failure   Level
a - Summon Small Mammal   Summ           56%        N/A       4%          1

Your spell library contained the following spells:

 Spells                   Type           Power      Damage    Failure   Level
 Call Imp                 Summ           14%        N/A       6%          2
 Call Canine Familiar     Summ           14%        N/A       13%         3
 Summon Guardian Golem    Hex/Summ       7%         N/A       28%         3
 Summon Lightning Spire   Summ/Air       7%         N/A       67%         4

Inventory:

Armour
 a - a +0 robe (worn)
Potions
 b - a potion of magic

Dungeon Overview and Level Annotations

Branches:
Dungeon (2/15)

.#g#.. ...#.. #..#..
#..#.#### ########
..#.... . .......#
#.#..# ...
.......#######.#..#.....
....#..........r@......#
....#.[#######..........
..[.#..# #...#######
....#.## ....... .<..#.#
#.##..### ....#.# #.
.... ....#.# # ...##
....#.# #.#.# ....#..


You could see a quokka.


Message History

The ball python misses you. The ball python grabs you.
You stop descending the stairs.
The ball python constricts you. 😕 HP[-1]
You take 1 damage, and now have 13/14 hp.
There are monsters nearby!
Unknown command.
Unknown command.
Unknown command.
You escape the ball python's grasp.
The giant cockroach bites you but does no damage.
The quokka closely misses you.
You climb downwards.
There is a stone staircase leading up here.
Unknown command.
Unknown command.
Unknown command.
Casting: Summon Small Mammal (safe; 4% risk of failure)
Press: ? - help, Q - select action Dir - look around, f - activate Nothing appears to happen.
The giant cockroach bites you but does no damage. 😕 MP[-1]
You lost 1 mp, and now have 4/5 mp.
Casting: Summon Small Mammal (safe; 4% risk of failure)
Press: ? - help, Q - select action Dir - look around, f - activate Nothing appears to happen.
The giant cockroach barely misses you.
The giant cockroach completely misses you. 😕 MP[-1]
You lost 1 mp, and now have 3/5 mp.
You barely miss the giant cockroach. The giant cockroach bites you. 😕 HP[-2]
You take 2 damage, and now have 11/14 hp.
You closely miss the giant cockroach. The giant cockroach closely misses you.
You hit the giant cockroach.
The giant cockroach bites you but does no damage.
You closely miss the giant cockroach. The giant cockroach barely misses you.
You closely miss the giant cockroach.
The giant cockroach barely misses you. x2
You hit the giant cockroach. The giant cockroach bites you. 😮 HP[-2]
You take 2 damage, and now have 9/14 hp.
You hit the giant cockroach but do no damage.
Your punch misses the giant cockroach.
The giant cockroach completely misses you.
You hit the giant cockroach but do no damage.
The giant cockroach bites you but does no damage.
You barely miss the giant cockroach. The giant cockroach barely misses you.
You hit the giant cockroach but do no damage.
The giant cockroach barely misses you.
The giant cockroach closely misses you. 😮 MP[+1]
You barely miss the giant cockroach. The giant cockroach closely misses you.
You hit the giant cockroach but do no damage.
The giant cockroach bites you but does no damage.
You hit the giant cockroach but do no damage.
The giant cockroach misses you.
You hit the giant cockroach but do no damage.
The giant cockroach barely misses you.
You hit the giant cockroach but do no damage.
The giant cockroach barely misses you.
The giant cockroach waves its antennae.
The giant cockroach closely misses you.
You hit the giant cockroach but do no damage.
The giant cockroach bites you but does no damage.
You hit the giant cockroach.
You kill the giant cockroach!
You hit the quokka but do no damage. The quokka closely misses you.
You hit the quokka but do no damage. The quokka barely misses you. 😮 HP[+1]
You closely miss the quokka. The quokka barely misses you.
The quokka bites you. 😮 HP[-2]
You take 2 damage, and now have 8/14 hp.
You hit the quokka but do no damage. The quokka misses you. 😮 MP[+1]
Your mp is fully restored (5).
You hit the quokka but do no damage. The quokka bites you.
* * * LOW HITPOINT WARNING * * *
😨 HP[-3]
You take 3 damage, and now have 5/14 hp.
MASSIVE DAMAGE!! (PAUSE)
Okay, then.
Casting: Summon Small Mammal (safe; 4% risk of failure)
Press: ? - help, Q - select action Dir - look around, f - activate Nothing appears to happen.
The quokka completely misses you. 😨 MP[-1]
You lost 1 mp, and now have 4/5 mp.
You hit the quokka. The quokka closely misses you. The quokka bites you.
* * * LOW HITPOINT WARNING * * *
The quokka closely misses you.
You climb upwards.
There is a stone staircase leading down here. 😱 HP[-3]
You take 3 damage, and now have 2/14 hp.
MASSIVE DAMAGE!! (PAUSE) Unknown command.
You barely miss the quokka. The quokka bites you.
You die...

Action                   || total
-------------------------++-------
Melee: Unarmed           ||    34
 Cast: Summon Small Mamm ||     3
Armor: Robe              ||     7
Dodge: Dodged            ||    33

Levels and vault maps discovered:
D:1:      minmay_arrival_semitransparent, layout_basic
D:2:      layout_basic, serial_glass, glass_columns_a, glass_columns_b,
          minmay_strange_pillars, item_on_display_a, item_on_display_a,
          ebering_ecumenical_altar_hall, uniq_terence

Notes
Turn   | Place    | Note
-------+----------+-------------------------------------------
     0 | D:1      | spaghetti the Demigod Summoner began the quest for the Orb.
     0 | D:1      | Reached XP level 1. HP: 14/14 MP: 5/5
     0 | D:1      | magus.rc [v1.9.6]
    56 | D:2      | HP: 2/14 [quokka (3)]
    58 | D:1      | Slain by a quokka

Vanquished Creatures
  A giant cockroach (D:2)
  A rat (D:1)
2 creatures vanquished.

Table legend:
 A = Non-vault XP
 B = Vault XP
 C = Vault XP percentage of total XP
 D = Non-vault monster count
 E = Vault monster count
 F = Vault count percentage of total count
                 A         B        C        D         E       F
            +---------+---------+-------+---------+---------+-------
      Total |       3 |       0 |   0.0 |       2 |       0 |   0.0
            +---------+---------+-------+---------+---------+-------
        D:1 |       1 |       0 |   0.0 |       1 |       0 |   0.0
        D:2 |       2 |       0 |   0.0 |       1 |       0 |   0.0
            +---------+---------+-------+---------+---------+-------

Illustrated notes

Table legend:
 A = Kills in this place as a percentage of kills in entire the game.
 B = Kills by you in this place as a percentage of kills by you in the entire game.
 C = Kills by friends in this place as a percentage of kills by friends in the entire game.
 D = Other kills in this place as a percentage of other kills in the entire game.
 E = Experience gained in this place as a percentage of experience gained in the entire game.
 F = Experience gained in this place divided by the number of levels of this place that you have seen.
                   A       B       C       D       E      F
               +-------+-------+-------+-------+-------+----------------------
         Total | 100.0 | 100.0 |   N/A |   N/A | 100.0 |   1.5
       Dungeon | 100.0 | 100.0 |   N/A |   N/A | 100.0 |   1.5
               +-------+-------+-------+-------+-------+----------------------

Table legend: (Time is in decaauts)
 A = Elapsed time spent in this place.
 B = Non-inter-level travel time spent in this place.
 C = Inter-level travel time spent in this place.
 D = Time resting spent in this place.
 E = Time spent auto-exploring this place.
 F = Levels seen in this place.
 G = Mean time per level.
                   A        B        C        D        E       F      G
               +--------+--------+--------+--------+--------+-----+--------+
         Total |     58 |     58 |      0 |      0 |      7 |   2 |   29.0 |
       Dungeon |     58 |     58 |      0 |      0 |      7 |   2 |   29.0 |
               +--------+--------+--------+--------+--------+-----+--------+

Top non-repeatable levels by time:
     D:1: 30 daAuts
     D:2: 27 daAuts
